 Dungeon Crawl Stone Soup version 0.26-a0-1129-gc5df7fbe6a (webtiles) character file.

Game seed: 15091812821167190472

14837 raph the Arsonist (level 11, -15/62 HPs)
             Began as a Deep Elf Fire Elementalist on Dec 18, 2020.
             Was an Elder of Makhleb.
             Killed from afar by an elephant (57 damage)
             ... with an exploding inner flame
             ... on level 4 of the Lair of Beasts.
             The game lasted 00:45:11 (15389 turns).

raph the Arsonist (Deep Elf Fire Elementalist)     Turns: 15389, Time: 00:45:12

Health: -15/62     AC: 16    Str:  6    XL:     11   Next: 94%
Magic:  16/33      EV: 16    Int: 23    God:    Makhleb [****..]
Gold:   296        SH:  0    Dex: 19    Spells: 1/25 levels left

rFire    . . .     SeeInvis +   a - +7 falchion of the Heart {vorpal, rC+ MP+9 SInv}
rCold    + . .     Faith    +   (no shield)
rNeg     + . .     Spirit   .   x - +3 leather armour {rPois}
rPois    +         Reflect  .   q - +2 helmet
rElec    .         Harm     .   L - +0 cloak
rCorr    .         Rampage  .   C - +2 pair of gloves
Will     +....                  d - +2 pair of boots
Stlth    ++++......             k - amulet of faith
HPRegen  0.20/turn              t - ring of stealth
MPRegen  0.23/turn              f - ring of Sin {rN+ Dex+4 Stlth+}

@: no status effects
A: no striking features
a: Renounce Religion, Minor Destruction, Lesser Servant of Makhleb, Major
Destruction


You were on level 4 of the Lair of Beasts.
You worshipped Makhleb.
Makhleb was greatly pleased with you.
You visited 2 branches of the dungeon, and saw 12 of its levels.

You collected 664 gold pieces.
You spent 368 gold pieces at shops.

Inventory:

Hand Weapons
 a - the +7 falchion of the Heart (weapon) {vorpal, rC+ MP+9 SInv}
   (You found it on level 5 of the Dungeon)

   It inflicts extra damage upon your enemies.
   It protects you from cold.
   It affects your magic capacity (+9).
   It lets you see invisible.
 c - a +3 longbow
 g - a +0 falchion of protection
 p - a +1 falchion of holy wrath
 A - a +7 vorpal falchion
Missiles
 s - 18 curare-tipped darts
 E - 107 arrows
Armour
 d - a +2 pair of boots (worn)
 q - a +2 helmet (worn)
 v - a +0 robe
 x - a +3 leather armour of poison resistance (worn)
 C - a +2 pair of gloves (worn)
 F - a +0 leather armour of willpower
 L - a +0 cloak (worn)
Magical Staves
 b - an uncursed staff of fire
Jewellery
 f - the ring of Sin (right hand) {rN+ Dex+4 Stlth+}
   (You took it off an orc on level 8 of the Dungeon)

   [ring of positive energy]

   It affects your dexterity (+4).
   It protects you from negative energy.
   It makes you more stealthy.
 k - an amulet of faith (around neck)
 t - a ring of stealth (left hand)
Wands
 B - a wand of iceblast (9)
 D - a wand of acid (7)
 H - a wand of flame (14)
 J - a wand of polymorph (13)
Scrolls
 e - 5 scrolls of fog
 l - 2 scrolls of teleportation
 m - 2 scrolls of immolation
 u - 2 scrolls of blinking
 y - 3 scrolls of identify
 z - 3 scrolls of remove curse
 I - 2 scrolls of summoning
 N - a scroll of amnesia
Potions
 h - 3 potions of brilliance
 i - 2 potions of berserk rage
 j - 4 potions of curing
 n - a potion of lignification
 o - 5 potions of haste
 r - 2 potions of magic
 w - a potion of ambrosia
 G - a potion of might
 K - a potion of flight
 M - 2 potions of heal wounds


   Skills:
 * Level 4.9 Fighting
 * Level 3.7 Long Blades
 - Level 3.1 Armour
 + Level 6.8 Dodging
 - Level 3.3 Stealth
 + Level 7.5 Spellcasting
 - Level 11.5 Conjurations
 * Level 4.0 Necromancy
 - Level 11.9 Fire Magic
 + Level 3.3 Invocations


You had one spell level left.
You knew the following spells:

 Your Spells              Type           Power        Failure   Level
a - Foxfire               Conj/Fire      100%         1%          1
b - Conjure Flame         Conj/Fire      58%          1%          3
c - Sticky Flame          Conj/Fire      58%          1%          4
d - Fireball              Conj/Fire      29%          2%          5
e - Animate Skeleton      Necr           54%          1%          1
f - Inner Flame           Hex/Fire       36%          2%          3
g - Vampiric Draining     Necr           13%          6%          3
h - Iskenderun's Mystic   Conj/Tloc      35%          11%         4

Your spell library contained the following spells:

 Spells                   Type           Power        Failure   Level
 Magic Dart               Conj           100%         1%          1
 Pain                     Necr           100%         1%          1
 Apportation              Tloc           16%          11%         1
 Corona                   Hex            8%           11%         1
 Summon Small Mammal      Summ           32%          11%         1
 Searing Ray              Conj           100%         1%          2
 Dazzling Flash           Conj/Hex       70%          3%          3
 Fulminant Prism          Conj/Hex       17%          11%         4
 Animate Dead             Necr           13%          21%         4
 Agony                    Necr           27%          50%         5
 Borgnjor's Vile Clutch   Necr/Erth      9%           78%         5
 Death Channel            Necr           13%          97%         6
 Simulacrum               Ice/Necr       9%           100%        6


Dungeon Overview and Level Annotations

Branches:
Dungeon (8/15)             Temple (0/1) D:7            Lair (4/6) D:8
  Snake (0/4) Lair:2
  Swamp: Lair:2-4    Shoals: Lair:2-4

Altars:
Fedhas
Gozag
Makhleb
Nemelex Xobeh
Qazlal
Ru
Trog
Wu Jian
Zin
The Shining One

Shops:
D:5 (   D:6 }   D:7 *   D:8 [}*:=

Annotations:
D:7 2 runed translucent doors


Message History

The cane toad stings you!!
The elephant is engulfed in blazing flames.
Flame seeps out of the elephant.
The wolf bites something!
The cane toad stings you but does no damage.
The wolf bites something.
Casting: Fireball (dangerous; 2% risk of failure)
Confirm with . or Enter, or press ? or * to list all spells.
Aiming: Fireball (dangerous; 2% risk of failure)
Press: ? - help, Shift-Dir - straight line The fireball explodes!
The fireball engulfs the elephant!!
Makhleb accepts your kill.
The elephant explodes!
The fiery explosion engulfs the wolf!!
You kill the wolf!
Makhleb accepts your kill.
The fiery explosion engulfs the cane toad!!
The cane toad is almost dead.
The fiery explosion engulfs you!!!
Ouch! That really hurt!
You die...

#.P#P###....##..........
#...........##.YP......#
#...........#.......#.P
#.............>#P.....^
###....°........##......
##....#.§.....####
≈..... #.....§§§#P#.##
≈..... #P....§§F#####
####....@...# #......[##
#........<# ###..P.....#
..#.P###..... .....###
####..> ..... ....#
..... .... ... ...


You could see a cane toad.

Vanquished Creatures
  2 hydras (Lair:3)
  Sonja (Lair:1)
  4 elephants
  5 cane toads
  3 komodo dragons (Lair:1)
  Grinder (D:3)
  A wyvern (Lair:4)
  25 yaks
  A basilisk (Lair:1)
  2 wargs (D:8)
  A naga (Lair:2)
  11 water moccasins
  3 black bears
  2 orc warriors
  4 ogres
  6 wolves
  3 centaurs
  A big kobold (D:8)
  10 bullfrogs
  A wyvern skeleton (D:7)
  2 scorpions
  4 killer bees (D:7)
  11 wights
  A howler monkey (D:4)
  An electric eel (Lair:3)
  2 jellies
  6 hounds
  2 orc priests (D:5)
  9 orc wizards
  A centaur skeleton (D:3)
  2 iguanas
  9 worker ants
  2 hound zombies
  Robin (D:2)
  5 adders
  2 shadow imps (D:7)
  2 white imps
  An ooze (D:1)
  An adder zombie (D:5)
  An adder skeleton (D:4)
  5 worms
  4 dart slugs
  5 leopard geckos
  23 orcs
  2 giant cockroaches (D:2)
  18 goblins
  10 hobgoblins
  19 jackals
  19 kobolds
  4 quokkas
  A ball python skeleton (D:4)
  4 bats
  4 frilled lizards
  A jackal skeleton (D:6)
  A leopard gecko zombie (D:7)
  A quokka skeleton (D:4)
  A quokka zombie (D:5)
  11 rats
285 creatures vanquished.

Vanquished Creatures (collateral kills)
  A foxfire (Lair:4)
1 creature vanquished.

Vanquished Creatures (others)
  A bush (Lair:1)
  773 foxfires
  18 fungi
  17 plants
809 creatures vanquished.

Grand Total: 1095 creatures vanquished

Notes
Turn   | Place    | Note
-------+----------+-------------------------------------------
     0 | D:1      | raph the Deep Elf Fire Elementalist began the quest for the
                  | Orb.
     0 | D:1      | Reached XP level 1. HP: 10/10 MP: 6/6
   143 | D:1      | Reached XP level 2. HP: 4/15 MP: 0/8
   671 | D:1      | Reached XP level 3. HP: 19/19 MP: 9/9
   876 | D:1      | Learned a level 3 spell: Conjure Flame
  1316 | D:2      | Reached XP level 4. HP: 24/24 MP: 3/11
  1534 | D:2      | Learned a level 4 spell: Sticky Flame
  1628 | D:2      | Noticed Robin
  1650 | D:2      | Killed Robin
  2607 | D:3      | Reached XP level 5. HP: 28/28 MP: 9/12
  2735 | D:3      | Reached skill level 5 in Fire Magic
  2787 | D:3      | Found a sacrificial altar of Ru.
  2968 | D:3      | Noticed Grinder
  2989 | D:3      | Killed Grinder
  2990 | D:3      | Reached XP level 6. HP: 24/32 MP: 4/13
  3467 | D:4      | Reached skill level 5 in Conjurations
  3583 | D:4      | Reached XP level 7. HP: 12/36 MP: 11/14
  3953 | D:4      | Learned a level 5 spell: Fireball
  4402 | D:4      | Found a glowing golden altar of the Shining One.
  4808 | D:5      | Entered Level 5 of the Dungeon
  4866 | D:5      | Got a bloodstained falchion
  5355 | D:5      | Found Attoschur's Weapon Boutique.
  5418 | D:5      | Got a thick robe
  5429 | D:5      | Identified the cursed +0 robe "Diacud" {Dex+2} (You found
                  | it on level 5 of the Dungeon)
  5436 | D:5      | Found a burning altar of Makhleb.
  5446 | D:5      | Became a worshipper of Makhleb the Destroyer
  6176 | D:5      | Identified the +7 falchion of the Heart {vorpal, rC+ MP+9
                  | SInv} (You found it on level 5 of the Dungeon)
  6235 | D:5      | Found a sparkling altar of Nemelex Xobeh.
  6252 | D:5      | Reached XP level 8. HP: 34/41 MP: 13/16
  6552 | D:5      | Learned a level 1 spell: Animate Skeleton
  6748 | D:6      | Found a sparkling altar of Nemelex Xobeh.
  6800 | D:6      | Found Cepsaufu's Gadget Boutique.
  6899 | D:6      | Bought a wand of iceblast (9) for 182 gold pieces
  7012 | D:6      | Reached * piety under Makhleb
  7202 | D:6      | Found a sacrificial altar of Ru.
  7978 | D:7      | Reached XP level 9. HP: 46/46 MP: 17/17
  8092 | D:7      | Noticed a moth of wrath
  8238 | D:7      | Found a bloodstained altar of Trog.
  8712 | D:7      | Found a runed translucent door.
  8713 | D:7      | Found a runed translucent door.
  8763 | D:7      | Reached skill level 1 in Fighting
  8763 | D:7      | Reached skill level 1 in Armour
  8820 | D:7      | Found Joahew's Mass Market.
  8922 | D:7      | Found a staircase to the Ecumenical Temple.
  9045 | D:7      | Found a stormy altar of Qazlal.
  9061 | D:7      | Found an ornate altar of the Wu Jian Council.
  9294 | D:8      | Found Meigatoa's Antique Armour Shop.
  9302 | D:8      | Bought a runed leather armour for 140 gold pieces
  9384 | D:8      | Reached ** piety under Makhleb
  9747 | D:8      | Found Feacusyan's Gadget Emporium.
  9754 | D:8      | Found a glowing silver altar of Zin.
  9758 | D:8      | Found an opulent altar of Gozag.
  9814 | D:8      | Found Jyiho's Book Emporium.
  9829 | D:8      | Reached skill level 10 in Fire Magic
  9891 | D:8      | Found Leaqudu's Assorted Antiques.
  9922 | D:8      | Bought a scroll labelled QOSOH BAYCK for 23 gold pieces
  9922 | D:8      | Bought a scroll labelled DORITA COJAMY for 23 gold pieces
  9930 | D:8      | Found Acuicecw's Jewellery Emporium.
  9935 | D:8      | Found a blossoming altar of Fedhas.
  9966 | D:8      | Found a staircase to the Lair.
  9971 | D:8      | Identified the ring of Sin {rN+ Dex+4 Stlth+}
  9987 | D:8      | Reached skill level 5 in Spellcasting
 10189 | D:8      | Learned a level 3 spell: Inner Flame
 10243 | D:8      | Reached *** piety under Makhleb
 10669 | Lair:1   | Entered Level 1 of the Lair of Beasts
 10669 | Lair:1   | Noticed a komodo dragon
 10675 | Lair:1   | Killed a komodo dragon
 10676 | Lair:1   | Reached XP level 10. HP: 43/53 MP: 12/19
 10684 | Lair:1   | Reached skill level 10 in Conjurations
 10841 | Lair:1   | Noticed a cane toad
 10860 | D:8      | Reached skill level 5 in Dodging
 10988 | D:8      | Killed a cane toad
 11249 | Lair:1   | Noticed a cane toad
 11257 | Lair:1   | Killed a cane toad
 11438 | Lair:1   | Reached skill level 1 in Necromancy
 11633 | Lair:1   | Learned a level 3 spell: Vampiric Draining
 11688 | Lair:1   | Reached skill level 1 in Invocations
 11844 | Lair:1   | Noticed Sonja
 11848 | Lair:1   | Killed Sonja
 11933 | Lair:1   | Noticed a cane toad
 11935 | Lair:1   | Killed a cane toad
 11936 | Lair:1   | Reached skill level 1 in Long Blades
 11936 | Lair:1   | Reached XP level 11. HP: 60/60 MP: 20/22
 13061 | Lair:2   | Found a staircase to the Snake Pit.
 13068 | Lair:2   | Reached **** piety under Makhleb
 13560 | Lair:3   | Noticed an eight-headed hydra
 13566 | Lair:3   | HP: 3/61 [smoke demon/divine providence[the player
                  | character] (9)]
 13574 | Lair:3   | Killed an eight-headed hydra
 14385 | Lair:3   | Noticed a seven-headed hydra
 14390 | Lair:3   | Killed a seven-headed hydra
 14692 | Lair:3   | Learned a level 4 spell: Iskenderun's Mystic Blast
 15389 | Lair:4   | Killed from afar by an elephant

Illustrated notes

Levels and vault maps discovered:
D:1:      wander_arrival_chamber, layout_rooms
D:2:      layout_basic, minmay_heptomino_h4, uniq_robin
D:3:      layout_loops_ring, nicolae_ru_sacrificial_ziggurat, uniq_grinder
D:4:      layout_gridville, overflow_temple_1_default, serial_glass,
          glass_columns_c, glass_columns_b
D:5:      layout_cave_pods, makhleb_heckhound_becter,
          nemelex_xobeh_ov_fountains_minmay, serial_shops, nicolae_shop_stone
D:6:      layout_rooms, lemuel_doored_altar, serial_shops, shop_fountains,
          nemelex_diamond_rough_becter
D:7:      lemuel_insect_pit, layout_cave_pods, tgw_trog, minitemple,
          minmay_temple_entry_drinking_statues, minmay_shop_mass
D:8:      layout_gridville, grunt_temple_overflow_gold_and_silver,
          fedhas_altar_3, erik_lair_orcish_takeover, serial_shops, shop,
          nicolae_shop_behind_doors, shop, nicolae_shop_stone, shop
Lair:1:   layout_hall_layers, uniq_sonja
Lair:2:   layout_gridlike, guppyfry_snake_entry_garden
Lair:3:   layout_regular_city, chequers_serial_rivers_large_b,
          lemuel_fruit_fields, serial_bayou_shore_a
Lair:4:   layout_misc_corridors, minmay_shoals_entry_lonely_mermaid,
          columned_hall_lemuel, minmay_lair_oklob_chamber

Skill      XL: |  1  2  3  4  5  6  7  8  9 10 11 |
---------------+----------------------------------+-----
Conjurations   | 2 3 4 5 6 8 9 10 11 | 11.5
Fire Magic     | 4 5 6 7 9 10 11 | 11.9
Stealth        | 3 |  3.3
Spellcasting   | 4 5 6 7 |  7.5
Dodging        | 3 4 5 6 |  6.8
Fighting       | 2 3 4 |  4.9
Armour         | 2 3 |  3.1
Necromancy     | 2 4 |  4.0
Invocations    | 1 3 |  3.3
Long Blades    | 1 3 |  3.7

Action                   |  1- 3 |  4- 6 |  7- 9 | 10-12 || total
-------------------------+-------+-------+-------+-------++-------
Melee: Spear             |     6 |    21 |    21 |       ||    48
       Falchion          |       |       |    19 |    36 ||    55
 Cast: Foxfire           |    65 |    89 |   225 |    70 ||   449
       Conjure Flame     |       |     3 |     5 |       ||     8
       Sticky Flame      |       |     1 |    18 |    18 ||    37
       Fireball          |       |       |    19 |    53 ||    72
       Animate Skeleton  |       |       |     2 |     3 ||     5
       Inner Flame       |       |       |       |     6 ||     6
       Iskenderun's Myst |       |       |       |     2 ||     2
Invok: Lesser Servant of |       |       |       |     1 ||     1
  Use: Scroll            |       |    15 |    10 |    10 ||    35
       Potion            |       |     1 |       |     4 ||     5
 Stab: Sleeping          |     2 |     3 |     3 |       ||     8
Armor: Robe              |     2 |    11 |    14 |       ||    27
       Leather armour    |       |       |    14 |    22 ||    36
Dodge: Dodged            |    26 |    27 |    63 |    53 ||   169
       Rpst.: Falchion   |       |       |     9 |    17 ||    26

Table legend: (Time is in decaauts)
 A = Elapsed time spent in this place.
 B = Non-inter-level travel time spent in this place.
 C = Inter-level travel time spent in this place.
 D = Time resting spent in this place.
 E = Time spent auto-exploring this place.
 F = Levels seen in this place.
 G = Mean time per level.
                   A        B        C        D        E       F      G
               +--------+--------+--------+--------+--------+-----+--------+
         Total |  15449 |  15094 |    355 |   6378 |   6064 |  12 | 1287.4 |
       Dungeon |  11151 |  10922 |    229 |   4521 |   4369 |   8 | 1393.9 |
          Lair |   4297 |   4171 |    126 |   1857 |   1695 |   4 | 1074.2 |
               +--------+--------+--------+--------+--------+-----+--------+

Top non-repeatable levels by time:
     D:8: 1858 daAuts
     D:5: 1742 daAuts
  Lair:3: 1678 daAuts
  Lair:1: 1389 daAuts
     D:2: 1384 daAuts
     D:6: 1375 daAuts
     D:7: 1344 daAuts
     D:4: 1323 daAuts
     D:3: 1151 daAuts
  Lair:2: 1019 daAuts
     D:1: 970 daAuts
  Lair:4: 211 daAuts
